AoeStats
← mtcossack

Yucatan

510424247Analyzed
2v2 RM · 1d ago on Oct 1, 2026· 25m 58s· 4 players
Game mode
Random Map
Map size
Medium (4 player)
Population
200
Speed
Normal
Resources
Standard
Victory
Conquest
Starting age
Dark Age
Ending age
Imperial Age
RankedLock teamsTeams togetherTeam positionsShared explorationLock speedFull tech treeHidden civsTurbo modeCheats
Victory
Defeat
🇺🇸 Magyars · United States
731
+20
🇺🇸 Burgundians · United States
715
+21
🇷🇺 Inca · Russia
841
-21
🇺🇸 Persians · United States
812
-46
sssrwmi
0:30 Loom
12:51 Feudal Age
14:33 Double-Bit Axe
14:41 Stone Mining
22:43 Castle Age
21:33 Gold Mining
21:25 Horse Collar
23:59 Bow Saw
25:50 Scale Mail Armor
AbuzzLime8862
14:24 Feudal Age
18:44 Castle Age
18:47 Double-Bit Axe
18:45 Horse Collar
20:01 Wheelbarrow
19:39 Bow Saw
21:04 Stone Mining
21:08 Gold Mining
24:56 Stone Shaft Mining
JOE.GOAT
11:40 Feudal Age
13:22 Double-Bit Axe
17:33 Castle Age
16:14 Gold Mining
16:38 Bow Saw
16:47 Horse Collar
17:44 Gold Shaft Mining
19:16 Wheelbarrow
18:27 Loom
18:28 Town Watch
18:45 Heavy Plow
19:48 Two-Man Saw
20:10 Crop Rotation
21:11 Hand Cart
21:14 Stone Mining
22:33 Stone Shaft Mining
mtcossack
11:38 Feudal Age
16:43 Castle Age
14:45 Double-Bit Axe
16:21 Bloodlines
16:22 Scale Barding Armor
16:40 Gold Mining
17:50 Chain Barding Armor
18:09 Wheelbarrow
18:26 Town Watch
20:17 Hand Cart
22:22 Loom
22:58 Bow Saw
Connection lost

Rejoining the realm…

Still unreachable

The connection could not be restored.

Session expired

The server has moved on; the page needs a fresh start.